Map: Prion Terraces

Players

LilDicky

  • Race: Terran Terran
  • League: Diamond

Bamxu - Winner!

  • Race: Zerg Zerg
  • League: Gold

VOD

http://www.twitch.tv/tumescentpie

Description

Time

  • Played on: Nov. 27, 2015, 10:35 p.m.
  • Length: 15:40
Show
View Real Time Build Order
Export as new Build Order

LilDicky Terran 

Build Orders: Liberator Opening, MMM Bio 

Get SALT Encoding   

  12  0:01  SCV  
  13  0:13  SCV  
  14  0:18  Supply Depot  
  14  0:25  SCV  
  15  0:34  Refinery  
  15  0:39  SCV  
  16  0:44  Barracks  
  16  0:51  SCV  
  17  1:03  SCV  
  18  1:16  SCV  
  19  1:28  SCV  
  19  1:31  Marine  
  21  1:37  Command Center  
  21  2:00  Supply Depot  
  23  2:02  Orbital Command  
  21  2:10  Factory  
  21  2:14  Barracks Reactor  
  21  2:28  SCV  
  22  2:30  Refinery  
  22  2:40  SCV  
  23  2:52  SCV, Orbital Command  
  23  2:56  Supply Depot  
  24  3:01  Hellion x2  
  24  3:04  Barracks Tech Lab  
  24  3:05  Starport  
  28  3:18  SCV  
  29  3:22  Hellion x2  
  33  3:28  Liberator  
  30  3:41  SCV  
  30  3:42  SCV  
  30  3:44  Hellion x2  
  38  3:51  Orbital Command  
  38  3:53  SCV  
  39  4:05  Hellion  
  39  4:07  Marine  
  39  4:09  Bunker  
  42  4:21  Bunker  
  38  4:42  Hellion x2  
  38  4:44  SCV x2, Marine  
  45  4:46  Stimpack, Engineering Bay  
  45  4:50  Barracks  
  45  4:53  Barracks  
  45  5:00  SCV, Supply Depot  
  45  5:02  Marine  
  45  5:03  SCV  
  45  5:04  Refinery x2  
  48  5:11  Liberator  
  46  5:20  Marine  
  46  5:26  SCV  
  46  5:27  SCV  
  51  5:29  Hellion x2  
  55  5:39  Missile Turret  
  42  5:51  Barracks Reactor, Barracks Tech Lab  
  42  5:52  Marine  
  42  5:53  SCV  
  44  5:58  SCV  
  45  6:05  Command Center  
  45  6:06  SCV  
  45  6:10  Bunker, Marine  
  47  6:12  SCV  
  47  6:14  Supply Depot, Bunker  
  47  6:16  Starport Tech Lab  
  47  6:17  Marine  
  51  6:18  Hellion  
  51  6:27  Marine  
  51  6:30  Supply Depot  
  52  6:34  Marine  
  52  6:38  Marine x2  
  55  6:45  Marine  
  56  6:47  SCV x2  
  56  6:52  Marine  
  56  6:53  Banshee, Cloaking Field  
  62  6:55  Combat Shields  
  62  6:56  Marine x2  
  62  6:57  Concussive Shells  
  64  7:03  Marine  
  64  7:04  Missile Turret  
  64  7:05  SCV x2  
  67  7:10  Marine  
  67  7:11  Missile Turret  
  67  7:14  Marine x2  
  70  7:17  SCV x2  
  70  7:20  Terran Infantry Weapons Level 1, Missile Turret  
  70  7:21  Marauder  
  70  7:22  Orbital Command  
  74  7:26  Missile Turret  
  74  7:28  Marauder  
  74  7:29  SCV  
  77  7:31  Marine  
  77  7:33  SCV, Hellion x2  
  83  7:48  Supply Depot, Marine x2  
  83  7:50  Marauder  
  87  7:54  SCV x2  
  87  7:57  Hellion x2  
  93  8:06  Supply Depot  
  93  8:10  SCV x3, Marauder  
  98  8:14  Marine x2  
  98  8:15  Marine  
  98  8:16  Refinery  
  101  8:28  SCV x3  
  101  8:32  Marine x2, Barracks, Marauder  
  101  8:33  Barracks  
  108  8:44  Marauder  
  108  8:46  Refinery  
  108  8:47  Medivac  
  109  8:59  Medivac, Siege Tank, Marine x2  
  109  9:00  Supply Depot  
  109  9:01  Supply Depot, SCV  
  109  9:02  Supply Depot  
  117  9:09  SCV  
  122  9:10  Marauder x2  
  122  9:13  Command Center  
  122  9:14  Infernal Pre-Igniter  
  122  9:17  Marine x2  
  124  9:24  Barracks  
  124  9:25  Supply Depot  
  124  9:27  Barracks Tech Lab  
  124  9:28  Barracks Tech Lab  
  124  9:29  Barracks Reactor  
  128  9:31  Marauder x2  
  128  9:32  SCV x3  
  128  9:33  Missile Turret  
  128  9:34  Missile Turret  
  131  9:40  Marine x2  
  131  9:43  Medivac x2  
  137  9:52  Marauder x2  
  141  9:58  Marine  
  141  9:59  Marine x2  
  144  10:02  Terran Infantry Armor Level 1  
  144  10:05  Armory  
  144  10:07  Marine x2  
  144  10:08  Engineering Bay  
  144  10:09  SCV  
  144  10:14  Marauder x2  
  151  10:16  Marine  
  151  10:17  Marauder  
  151  10:18  Barracks Reactor, Missile Turret  
  151  10:19  Marine  
  155  10:25  Marine  
  156  10:35  Marauder x2  
  160  10:39  Marauder  
  160  10:45  Missile Turret  
  151  10:54  Marine x5  
  151  10:56  Marauder  
  151  10:57  Marauder  
  153  10:58  Marine  
  153  11:00  Marauder  
  148  11:12  Marine  
  148  11:13  Marine x4  
  148  11:16  Marine  
  148  11:18  Marauder x2  
  158  11:21  Marauder  
  160  11:30  Marine x2  
  160  11:31  Marine x3  
  165  11:34  Marine  
  165  11:39  Marauder, Marine  
  167  11:43  Marauder  
  167  11:47  Planetary Fortress  
  165  11:48  Marine x5  
  165  11:52  Marine  
  171  11:55  Missile Turret  
  171  11:57  Marauder  
  171  11:58  Terran Infantry Weapons Level 2  
  171  12:01  Marauder  
  175  12:02  Terran Infantry Armor Level 2  
  175  12:04  Marauder  
  175  12:06  Marine x2  
  136  12:19  Marine x3  
  136  12:20  Marine x2  
  136  12:22  Marauder  
  111  12:23  Marine  
  111  12:24  Marine  
  111  12:26  Marauder  
  101  12:36  Marine  
  101  12:37  Marine x2  
  84  12:38  Marine  
  84  12:39  Marauder  
  84  12:43  SCV x2, Marauder  
  85  12:46  Marine x2  
  85  12:47  Marauder  
  87  12:54  Marine x2  
  87  12:55  SCV x2, Marine  
  87  12:56  Marine  
  82  13:00  Marauder  
  82  13:04  Marine x2  
  82  13:05  Marauder  
  80  13:07  SCV  
  80  13:08  Marauder  
  80  13:12  SCV, Marine x3  
  80  13:14  Marine  
  80  13:18  Refinery  
  83  13:21  Marauder  
  83  13:22  Marine x2  
  83  13:26  Marauder  
  89  13:30  Marine x2, Marauder  
  93  13:43  Marauder  
  93  13:46  Marine x2, Orbital Command  
  93  13:48  Marauder  
  99  13:49  Medivac x2  
  99  13:51  Marauder  
  102  14:04  Marauder  
  102  14:07  Marine x2  
  102  14:08  Marine x4  
  102  14:09  Marauder  
  97  14:11  SCV  
  97  14:13  Marauder  
  100  14:17  SCV  
  102  14:25  Marine x3  
  102  14:26  Marauder  
  102  14:27  Orbital Command  
  102  14:30  Marauder  
  108  14:34  Marauder  
Show
View Real Time Build Order
Export as new Build Order

Bamxu Zerg - Winner!

Build Orders: Hatch First 

Get SALT Encoding   

  12  0:01  Drone  
  14  0:15  Overlord  
  14  0:17  Drone  
  14  0:34  Drone x2  
  16  0:44  Drone  
  17  0:54  Hatchery  
  17  0:56  Drone  
  17  1:07  Drone  
  17  1:10  Extractor  
  17  1:15  Spawning Pool  
  17  1:18  Drone  
  17  1:28  Drone  
  18  1:59  Hatchery  
  16  2:02  Queen  
  18  2:11  Metabolic Boost  
  18  2:18  Queen  
  20  2:24  Zergling x2  
  20  2:25  Zergling x2  
  22  2:33  Drone x2  
  24  2:38  Drone  
  25  2:45  Overlord  
  25  2:55  Drone x2  
  27  3:02  Drone  
  27  3:04  Overlord  
  28  3:13  Drone x3  
  31  3:23  Queen  
  31  3:24  Drone  
  33  3:48  Drone x4  
  35  3:49  Drone, Roach Warren  
  35  3:50  Drone x2  
  38  4:04  Spine Crawler x2, Zergling x4  
  38  4:05  Zergling x2  
  38  4:29  Roach x2  
  38  4:30  Roach x4  
  48  4:41  Lair, Overlord x2  
  48  4:53  Overlord x2  
  48  5:01  Roach x3  
  48  5:21  Spore Crawler  
  48  5:23  Spore Crawler, Drone x2  
  48  5:24  Drone x5  
  53  5:30  Spore Crawler, Drone  
  44  5:44  Roach x2  
  47  5:54  Drone x2  
  47  5:55  Drone x2  
  51  5:58  Drone  
  52  6:04  Drone  
  52  6:05  Drone  
  52  6:06  Drone  
  55  6:15  Drone x2  
  57  6:27  Drone x5  
  62  6:50  Drone x4, Hydralisk Den  
  62  6:51  Drone x2  
  62  6:53  Extractor  
  62  6:54  Drone x5  
  68  6:55  Extractor  
  68  6:58  Drone x3  
  68  7:00  Extractor  
  72  7:02  Extractor  
  71  7:15  Drone x3, Extractor  
  73  7:16  Drone x2  
  73  7:17  Drone  
  73  7:18  Drone x2  
  73  7:19  Roach x2  
  82  7:23  Muscular Augments  
  82  7:24  Glial Reconstitution  
  82  7:26  Overlord  
  82  7:38  Overseer  
  82  7:43  Overlord x3  
  82  8:01  Hatchery  
  82  8:02  Hydralisk x6  
  93  8:36  Hydralisk  
  93  8:37  Hydralisk x8  
  111  8:46  Overlord x2  
  111  8:47  Overlord  
  111  9:04  Hydralisk x8  
  127  9:15  Drone x4  
  131  9:26  Drone x2  
  131  9:27  Drone  
  134  9:32  Hydralisk  
  134  9:34  Evolution Chamber, Overlord x4  
  134  9:35  Evolution Chamber  
  134  9:41  Lurker Den  
  134  9:43  Infestation Pit  
  133  9:57  Drone x6  
  133  9:58  Overlord x2, Drone  
  140  10:01  Overlord x3, Extractor  
  140  10:02  Overlord, Extractor  
  140  10:05  Zerg Missile Weapons Level 1  
  138  10:16  Roach x5  
  148  10:25  Spire, Zerg Ground Armor Level 1  
  138  10:55  Roach  
  138  10:56  Roach x15  
  166  11:09  Hive  
  166  11:21  Roach  
  166  11:22  Roach x10  
  190  11:40  Drone x8  
  178  12:09  Zergling x2  
  178  12:10  Zergling x26  
  174  12:20  Zerg Missile Weapons Level 2  
  174  12:22  Zerg Ground Armor Level 2  
  126  12:30  Zergling x2  
  126  12:31  Zergling x12  
  108  12:46  Roach  
  108  12:47  Roach x9  
  110  13:00  Zergling x2  
  110  13:01  Zergling x14  
  91  13:17  Roach  
  91  13:18  Roach x8  
  109  13:23  Drone x3  
  112  13:32  Hydralisk x4  
  120  13:35  Baneling Nest  
  119  13:50  Spire  
  119  13:54  Hydralisk x5  
  119  13:55  Hydralisk  
  126  14:18  Hydralisk x8  
  126  14:19  Hydralisk  
  144  14:52  Hatchery  
  136  14:55  Roach  
  136  14:56  Roach x10  
Tags
 
Add a new tag
Caveats
  • Supply blocks, unpowered buildings, or Contaminate may cause inaccurate times.
  • Supply counts are checked every 10 seconds.